 Dungeon Crawl Stone Soup version 0.30-b1-2-g02819fbbbe (webtiles) character file.

Game seed: 1269764018321391058

776 Metae the Covered (level 7, -15/62 HPs)
             Began as a Minotaur Fighter on June 25, 2023.
             Demolished by a two-headed ogre
             ... wielding a +0 giant club
              (16 damage)
             ... on level 6 of the Dungeon.
             The game lasted 00:09:33 (4380 turns).

Metae the Covered (Minotaur Fighter)                Turns: 4380, Time: 00:09:34

Health: -15/62     AC: 12    Str: 22    XL:     7   Next: 54%
Magic:  6/6        EV:  9    Int:  5    God:
Gold:   340        SH:  5    Dex: 10    Spells: 6/6 levels left

rFire   . . .        a - +0 rapier
rCold   . . .        c - +0 buckler
rNeg    . . .        G - +0 chain mail
rPois   .            (helmet restricted)
rElec   .            o - +0 cloak
rCorr   .            (no gloves)
SInv    .            x - +0 pair of boots
Will    .....        (no amulet) Stlth
                     (no ring)
HPRegen 0.30/turn    (no ring)
MPRegen 0.10/turn

%: no passive effects
@: mighty
A: horns 2, retaliatory headbutt
a: no special abilities


You were on level 6 of the Dungeon.
You visited 1 branch of the dungeon, and saw 6 of its levels.

You collected 340 gold pieces.

Inventory:

Hand Weapons
 a - a +0 rapier (weapon)
 C - a +0 sling
Missiles
 h - 10 poisoned darts (quivered)
 j - 40 stones
Armour
 c - a +0 buckler (worn)
 o - a +0 cloak (worn)
 x - a +0 pair of boots (worn)
 G - a +0 chain mail (worn)
Jewellery
 p - a ring of protection from fire
Wands
 F - a wand of roots (6)
Scrolls
 b - 2 scrolls of fog {unknown}
 e - a scroll of vulnerability {unknown}
 f - 3 scrolls of identify {unknown}
 k - a scroll of blinking {unknown}
 l - a scroll of enchant armour {unknown}
 m - a scroll of acquirement {unknown}
 t - 3 scrolls of enchant weapon {unknown}
 u - a scroll of immolation {unknown}
 v - 2 scrolls of teleportation {unknown}
 w - a scroll of amnesia {unknown}
 y - a scroll of poison {unknown}
 B - a scroll of noise {unknown}
 E - a scroll of silence {unknown}
Potions
 g - 2 potions of haste {unknown}
 i - 3 potions of brilliance {unknown}
 n - 2 potions of heal wounds {unknown}
 q - 4 potions of curing {unknown}
 r - 2 potions of cancellation {unknown}
 s - 4 potions of lignification {unknown}
 z - a potion of ambrosia {unknown}
 A - a potion of attraction {unknown}
 D - 3 potions of degeneration {unknown}


   Skills:
 + Level 5.7 Fighting
 + Level 4.6 Short Blades
 + Level 5.8 Armour
 + Level 3.8 Dodging
 + Level 5.7 Shields


You had 6 spell levels left.
You didn't know any spells.
Your spell library was empty.

Dungeon Overview and Level Annotations

Branches:
Dungeon (6/15)
 Temple: D:4-7

Altars:
Trog
Wu Jian


Innate Abilities, Weirdness & Mutations

You have a pair of horns on your head.
You reflexively headbutt those who attack you in melee.


Message History

The orc shouts!
You now have 340 gold pieces (gained 9).
You barely miss the orc. The orc hits you but does no damage.
You hit the orc.
The orc is lightly wounded.
The orc hits you but does no damage.
A two-headed ogre comes into view. It is wielding two +0 giant clubs.
You hit the orc.
The orc is heavily wounded.
You block the orc's attack.
You closely miss the orc.
The orc is heavily wounded.
You block the orc's attack.
You hit the orc.
You kill the orc!
You block the two-headed ogre's attack.
The two-headed ogre hits you with a +0 giant club!
You feel very mighty all of a sudden.
You barely miss the two-headed ogre. The two-headed ogre barely misses you.
You furiously retaliate!
You headbutt the two-headed ogre. You block the two-headed ogre's attack.
You puncture the two-headed ogre!
The two-headed ogre is moderately wounded.
The two-headed ogre barely misses you.
The two-headed ogre hits you with a +0 giant club!
You puncture the two-headed ogre!
Your headbutt misses the two-headed ogre.
The two-headed ogre is heavily wounded.
You puncture the two-headed ogre! You headbutt the two-headed ogre.
The two-headed ogre is almost dead.
You hear the slow hiss of a distant avalanche of sand.
The two-headed ogre hits you with a +0 giant club!!
* * * LOW HITPOINT WARNING * * *
You block the two-headed ogre's attack.
You barely miss the two-headed ogre.
The two-headed ogre is almost dead.
The two-headed ogre hits you with a +0 giant club!
* * * LOW HITPOINT WARNING * * *
The two-headed ogre hits you with a +0 giant club!
You die...

#.......#.#..
#..†.........
#............
##....#.#.##
##........#
#.....#.#.##
##.#........
...#O)#.#.##
.o...#.@....#
.######......#
#..#.###
#.##.# #.# ..
#.# ## ###


You could see a two-headed ogre.

Vanquished Creatures
  An ogre (D:5)
  A phantom (D:5)
  A scorpion (D:5)
  A jelly (D:6)
  3 hounds (D:5)
  An orc priest (D:5)
  4 sleepcaps
  5 iguanas
  7 adders
  An ufetubus (D:4)
  2 worms (D:3)
  A dart slug (D:5)
  15 orcs
  9 ball pythons
  2 bats
  4 endoplasms
  6 giant cockroaches
  7 goblins
  2 hobgoblins
  2 jackals (D:4)
  8 kobolds
  3 quokkas
  5 frilled lizards
  5 rats
96 creatures vanquished.

Vanquished Creatures (others)
  2 fungi (D:3)
2 creatures vanquished.

Grand Total: 98 creatures vanquished

Notes
Turn   | Place    | Note
-------+----------+-------------------------------------------
     0 | D:1      | Metae the Minotaur Fighter began the quest for the Orb.
     0 | D:1      | Reached XP level 1. HP: 19/19 MP: 0/0
   287 | D:1      | Reached XP level 2. HP: 26/27 MP: 1/1
   871 | D:2      | Reached skill level 1 in Dodging
   973 | D:2      | Reached XP level 3. HP: 33/33 MP: 2/2
  1501 | D:3      | Found a faded altar of an unknown god.
  1830 | D:3      | Reached XP level 4. HP: 40/40 MP: 3/3
  2693 | D:4      | Reached XP level 5. HP: 27/47 MP: 4/4
  3210 | D:4      | Found an ornate altar of the Wu Jian Council.
  3216 | D:4      | Found a bloodstained altar of Trog.
  3415 | D:4      | Reached XP level 6. HP: 55/55 MP: 5/5
  3528 | D:5      | Entered Level 5 of the Dungeon
  3535 | D:5      | Reached skill level 5 in Fighting
  3535 | D:5      | Reached skill level 5 in Armour
  3535 | D:5      | Reached skill level 5 in Shields
  3875 | D:5      | Reached XP level 7. HP: 47/61 MP: 6/6
  4371 | D:6      | Noticed a two-headed ogre
  4380 | D:6      | HP: 1/62 [two-headed ogre/+0 giant club (14)]
  4380 | D:6      | Demolished by a two-headed ogre

Illustrated notes

Levels and vault maps discovered:
D:1:      dpeg_arrival_more_subterranean_lakeside_camping, layout_basic
D:2:      layout_loops_cross
D:3:      layout_loops_ring, dreamdust_ecumenical_altar_grove,
          gup_sewer_entry_spiral
D:4:      layout_gridville, mainiacjoe_overflow_large_starburst,
          chequers_serial_rivers_micro_c
D:5:      layout_cave_pools
D:6:      minmay_angry_zag, layout_loops_ring, kennysheep_little_box,
          temple_hall, enter_ossuary_5

Skill      XL: |  1  2  3  4  5  6 |
---------------+-------------------+-----
Dodging        | 1 2 3 |  3.8
Armour         | 4 5 |  5.8
Fighting       | 4 5 |  5.7
Shields        | 4 5 |  5.7
Short Blades   | 3 4 |  4.6

Action                     |  1- 3 |  4- 6 |  7- 9 || total
---------------------------+-------+-------+-------++-------
  Melee: Rapier            |    97 |   172 |    76 ||   345
         Headbutt          |    20 |    30 |    10 ||    60
    Use: Potion            |       |       |     1 ||     1
 Armour: Scale mail        |    31 |    64 |       ||    95
         Chain mail        |       |     4 |    38 ||    42
  Dodge: Dodged            |    37 |    82 |    34 ||   153
  Block: Buckler           |    24 |    41 |    28 ||    93
